A- SE
BRADENTON MARAUDERS @ DUNEDIN BLUE JAYS
08/08/2041
 
TOP OF THE 1ST
Bradenton Marauders batting - Pitching for Dunedin Blue Jays : LHP Jarrod Winters
Pitching: LHP Jarrod Winters
Batting: RHB Rob Parker 0-0: Ball
1-0: Called Strike
1-1: Foul Ball, location: 25F
1-2: Strikes out looking
Batting: LHB Tony Cuervo 0-0: Ball
1-0: Foul Ball, location: 2F
1-1: Called Strike
1-2: Foul Ball, location: 2F
1-2: Fly out, F8 (Flyball, 89D, EV 88.1 MPH)
Batting: RHB Reginald Gilleland 0-0: Called Strike
0-1: Ball
1-1: Swinging Strike
1-2: Ball
2-2: Reached on error, E4 (Groundball, 34, EV 84.4 MPH)
Batting: RHB Juan Chávez 0-0: Foul Ball, location: 2F
0-1: Swinging Strike
0-2: SINGLE (Groundball, 6MD, EV 103.1 MPH)
Reginald Gilleland to second
Runner from 2nd tries for 3rd, SAFE, throw by CF made to third
Batting: RHB Chris Young 0-0: Ground out 4-3 (Groundball, 34, EV 85.0 MPH)
Top of the 1st over - 0 runs, 1 hit, 1 error, 2 left on base; Bradenton 0 - Dunedin 0
BOTTOM OF THE 1ST
Dunedin Blue Jays batting - Pitching for Bradenton Marauders : RHP Greg Ramsey
Pitching: RHP Greg Ramsey
Batting: LHB Ed Howell 0-0: Ball
1-0: Foul Ball, location: 2F
1-1: Foul Ball, location: 5SF
1-2: Ball
2-2: Strikes out looking
Batting: SHB Dan Chamberlain 0-0: SINGLE (Line Drive, 78S, EV 96.9 MPH)
Batting: LHB Gary Walls 0-0: Ball
1-0: Ball
2-0: Ball
3-0: Base on Balls
Dan Chamberlain to second
Batting: RHB Max Lowe 0-0: Called Strike
0-1: Ball
1-1: Grounds into double play, 6-4-3 (Groundball, 6, EV 83.1 MPH)
Bottom of the 1st over - 0 runs, 1 hit, 0 errors, 1 left on base; Bradenton 0 - Dunedin 0
TOP OF THE 2ND
Bradenton Marauders batting - Pitching for Dunedin Blue Jays : LHP Jarrod Winters
Batting: SHB Jesús Martínez 0-0: Ball
1-0: Swinging Strike
1-1: Ball
2-1: Ball
3-1: Base on Balls
Batting: RHB Andreas Lambert 0-0: Called Strike
0-1: Grounds into double play, 6-4-3 (Groundball, 56, EV 106.3 MPH)
Batting: RHB Joe Brown 0-0: Foul Ball, location: 2F
0-1: Ground out 6-3 (Groundball, P, EV 80.6 MPH)
Top of the 2nd over - 0 runs, 0 hits, 0 errors, 0 left on base; Bradenton 0 - Dunedin 0
BOTTOM OF THE 2ND
Dunedin Blue Jays batting - Pitching for Bradenton Marauders : RHP Greg Ramsey
Batting: SHB Joe Campbell 0-0: Foul Ball, location: 2F
0-1: Ball
1-1: Swinging Strike
1-2: Foul Ball, location: 5SF
1-2: Ball
2-2: Ball
3-2: DOUBLE (Line Drive, 9LS, EV 111.3 MPH)
Batting: SHB Dave Smith 0-0: Called Strike
0-1: Fly out, F7 (Flyball, 7, EV 84.4 MPH)
Batting: RHB José Trejo 0-0: Called Strike
0-1: Called Strike
0-2: Strikes out swinging
Batting: LHB Luis Hernández 0-0: Ball
Wild Pitch!
Joe Campbell to third
1-0: Foul Ball, location: 3F
1-1: DOUBLE (Flyball, 8LXD, EV 97.5 MPH)
Joe Campbell scores
Batting: RHB António Trevino 0-0: Called Strike
0-1: Ball
1-1: Ball
2-1: Foul Ball, location: 2F
2-2: Ball
3-2: Ground out 5-3 (Groundball, 56, EV 93.8 MPH)
Bottom of the 2nd over - 1 run, 2 hits, 0 errors, 1 left on base; Bradenton 0 - Dunedin 1
TOP OF THE 3RD
Bradenton Marauders batting - Pitching for Dunedin Blue Jays : LHP Jarrod Winters
Batting: LHB Charlie Wood 0-0: Called Strike
0-1: Ball
1-1: Called Strike
1-2: Ball
2-2: Strikes out swinging
Batting: RHB Rob Parker 0-0: Called Strike
0-1: Called Strike
0-2: Ball
1-2: Ball
2-2: Ball
3-2: Base on Balls
Batting: LHB Tony Cuervo 0-0: Called Strike
0-1: Foul Ball, location: 3FF
0-2: Ball
1-2: Fielders Choice at 2nd, 1-6 (Groundball, 13S, EV 71.3 MPH)
Batting: RHB Reginald Gilleland 0-0: Ball
1-0: Called Strike
1-1: Ball
2-1: Ball
3-1: Called Strike
3-2: Foul Ball, location: 2F
3-2: Fly out, F8 (Flyball, 89S, EV 88.8 MPH)
Top of the 3rd over - 0 runs, 0 hits, 0 errors, 1 left on base; Bradenton 0 - Dunedin 1
BOTTOM OF THE 3RD
Dunedin Blue Jays batting - Pitching for Bradenton Marauders : RHP Greg Ramsey
Batting: LHB Ed Howell 0-0: Fly out, F3 (Line Drive, 34, EV 61.3 MPH)
Batting: SHB Dan Chamberlain 0-0: Called Strike
0-1: Called Strike
0-2: Ball
1-2: Foul Ball, location: 3DF
1-2: Ball
2-2: Foul Ball, location: 7LSF
2-2: Ball
3-2: Base on Balls
Batting: LHB Gary Walls 0-0: Called Strike
0-1: Ball
1-1: Swinging Strike
1-2: Strikes out looking
Batting: RHB Max Lowe 0-0: Called Strike
0-1: Ball
1-1: DOUBLE (Flyball, 9LD, EV 101.3 MPH)
Dan Chamberlain to third
Batting: SHB Joe Campbell 0-0: Called Strike
0-1: Ball
1-1: Ball
2-1: Ground out U3 (Groundball, 34, EV 88.8 MPH)
Bottom of the 3rd over - 0 runs, 1 hit, 0 errors, 2 left on base; Bradenton 0 - Dunedin 1
TOP OF THE 4TH
Bradenton Marauders batting - Pitching for Dunedin Blue Jays : LHP Jarrod Winters
Batting: RHB Juan Chávez 0-0: Fly out, F8 (Flyball, 8LS, EV 93.1 MPH)
Batting: RHB Chris Young 0-0: Called Strike
0-1: TRIPLE (Flyball, 89XD, EV 96.9 MPH)
Batting: SHB Jesús Martínez 0-0: Ball
1-0: Called Strike
1-1: Called Strike
1-2: SINGLE (Groundball, 4MD, EV 100.6 MPH)
Chris Young scores
Batting: RHB Andreas Lambert 0-0: Ball
1-0: Called Strike
1-1: Foul Ball, location: 5FF
1-2: Grounds into double play, 6-4-3 (Groundball, 6M, EV 89.4 MPH)
Top of the 4th over - 1 run, 2 hits, 0 errors, 0 left on base; Bradenton 1 - Dunedin 1
BOTTOM OF THE 4TH
Dunedin Blue Jays batting - Pitching for Bradenton Marauders : RHP Greg Ramsey
Batting: SHB Dave Smith 0-0: Ball
1-0: Ball
2-0: Ball
3-0: Base on Balls
Batting: RHB José Trejo 0-0: Called Strike
0-1: Bunt - Flyout to 2R! F2
Batting: LHB Luis Hernández 0-0: Fly out, F8 (Flyball, 8RM, EV 97.5 MPH)
Batting: RHB António Trevino 0-0: Ball
1-0: Foul Ball, location: 3F
1-1: Foul Ball, location: 9LMF
1-2: Foul Ball, location: 9LDF
1-2: Foul Ball, location: 5FF
1-2: SINGLE (Groundball, 4MD, EV 104.4 MPH)
Dave Smith to second
Runner from 2nd tries for 3rd, SAFE, throw by CF made to third
Batting: LHB Ed Howell 0-0: Called Strike
0-1: Fielders Choice at 2nd, 6-4 (Groundball, 6, EV 87.5 MPH)
Bottom of the 4th over - 0 runs, 1 hit, 0 errors, 2 left on base; Bradenton 1 - Dunedin 1
TOP OF THE 5TH
Bradenton Marauders batting - Pitching for Dunedin Blue Jays : LHP Jarrod Winters
Batting: RHB Joe Brown 0-0: Called Strike
0-1: Ball
1-1: Foul Ball, location: 2F
1-2: Foul Ball, location: 9LMF
1-2: Ball
2-2: Foul Ball, location: 3F
2-2: Ball
3-2: Strikes out swinging
Batting: LHB Charlie Wood 0-0: Ball
1-0: Ball
2-0: Fly out, F8 (Flyball, 8LD, EV 101.3 MPH)
Batting: RHB Rob Parker 0-0: Called Strike
0-1: Foul Ball, location: 3F
0-2: Foul Ball, location: 2F
0-2: Ball
1-2: Ball
2-2: Foul Ball, location: 25F
2-2: Foul Ball, location: 2F
2-2: SINGLE (Groundball, 6MD, EV 102.5 MPH)
Pitching: LHP Mario Chávez
Batting: LHB Tony Cuervo 0-0: SINGLE (Line Drive, 4MD, EV 96.9 MPH)
Rob Parker to second
Runner from 2nd tries for 3rd, SAFE, throw by CF made to third
Batting: RHB Reginald Gilleland 0-0: Called Strike
0-1: Ball
1-1: Fly out, F8 (Flyball, 8LS, EV 75.6 MPH)
Top of the 5th over - 0 runs, 2 hits, 0 errors, 2 left on base; Bradenton 1 - Dunedin 1
BOTTOM OF THE 5TH
Dunedin Blue Jays batting - Pitching for Bradenton Marauders : RHP Greg Ramsey
Batting: SHB Dan Chamberlain 0-0: Ball
1-0: Ground out 4-3 (Groundball, 4, EV 81.9 MPH)
Batting: LHB Gary Walls 0-0: Ball
1-0: Called Strike
1-1: Ball
2-1: Ground out 2-3 (Groundball, 13S, EV 71.3 MPH)
Batting: RHB Max Lowe 0-0: Ball
1-0: Ball
2-0: Called Strike
2-1: Ball
3-1: Base on Balls
Batting: SHB Joe Campbell 0-0: Ball
1-0: Ball
2-0: Foul Ball, location: 7LMF
2-1: Foul Ball, location: 2F
2-2: Foul Ball, location: 2F
2-2: Strikes out swinging
Bottom of the 5th over - 0 runs, 0 hits, 0 errors, 1 left on base; Bradenton 1 - Dunedin 1
TOP OF THE 6TH
Bradenton Marauders batting - Pitching for Dunedin Blue Jays : LHP Mario Chávez
Batting: RHB Juan Chávez 0-0: Called Strike
0-1: Swinging Strike
0-2: Strikes out looking
Batting: RHB Chris Young 0-0: Ball
1-0: Called Strike
1-1: Foul Ball, location: 25FF
1-2: SINGLE (Flyball, 89S, EV 91.3 MPH)
Batting: SHB Jesús Martínez 0-0: Ball
1-0: Called Strike
1-1: Fly out, F9 (Flyball, 9D, EV 103.8 MPH)
Batting: RHB Andreas Lambert 0-0: Called Strike
0-1: Called Strike
0-2: Strikes out swinging
Top of the 6th over - 0 runs, 1 hit, 0 errors, 1 left on base; Bradenton 1 - Dunedin 1
BOTTOM OF THE 6TH
Dunedin Blue Jays batting - Pitching for Bradenton Marauders : RHP Greg Ramsey
Batting: SHB Dave Smith 0-0: Ball
1-0: Ball
2-0: Foul Ball, location: 23FF
2-1: Called Strike
2-2: Ball
3-2: TRIPLE (Flyball, 78XD, EV 101.3 MPH)
Pitching: RHP David Flores
Batting: RHB José Trejo 0-0: Foul Ball, location: 25FF
0-1: Ball
1-1: Foul Ball, location: 5SF
1-2: Ball
2-2: Ball
3-2: Base on Balls
Batting: LHB Luis Hernández 0-0: Swinging Strike
0-1: Ball
1-1: Foul Ball, location: 3DF
1-2: Ball
2-2: Foul Ball, location: 23F
2-2: Strikes out looking
Batting: RHB António Trevino 0-0: Called Strike
0-1: Ball
1-1: Called Strike
1-2: Foul Ball, location: 5F
1-2: Foul Ball, location: 2F
1-2: Foul Ball, location: 25F
1-2: Ball
2-2: Foul Ball, location: 2F
2-2: SINGLE (Groundball, 34D, EV 98.8 MPH)
Dave Smith scores
José Trejo to second
Batting: LHB Ed Howell 0-0: Fly out, F6 (Popup, 6, EV 57.5 MPH)
Batting: SHB Dan Chamberlain 0-0: Ball
1-0: Called Strike
1-1: Called Strike
1-2: Fielders Choice at 2nd, 6-4 (Groundball, 6, EV 110.0 MPH)
Bottom of the 6th over - 1 run, 2 hits, 0 errors, 2 left on base; Bradenton 1 - Dunedin 2
TOP OF THE 7TH
Bradenton Marauders batting - Pitching for Dunedin Blue Jays : LHP Mario Chávez
Batting: RHB Joe Brown 0-0: Ball
1-0: Foul Ball, location: 2F
1-1: Ball
2-1: Called Strike
2-2: SINGLE (Groundball, 34D, EV 94.4 MPH)
Pinch Hitting: RHB Enrico Velásquez 0-0: Ball
1-0: Called Strike
1-1: Ball
2-1: Foul Ball, location: 2F
2-2: Strikes out swinging
Batting: RHB Rob Parker 0-0: Ball
1-0: Ball
2-0: Ball
3-0: Called Strike
3-1: Foul Ball, location: 5FF
3-2: Grounds into double play, 5-4-3 (Groundball, 15, EV 90.0 MPH)
Top of the 7th over - 0 runs, 1 hit, 0 errors, 0 left on base; Bradenton 1 - Dunedin 2
BOTTOM OF THE 7TH
Dunedin Blue Jays batting - Pitching for Bradenton Marauders : RHP David Flores
Now in CF: Tim Hood
Batting: LHB Gary Walls 0-0: Ball
1-0: Called Strike
1-1: Foul Ball, location: 2F
1-2: DOUBLE (Groundball, 3D, EV 100.0 MPH)
Batting: RHB Max Lowe 0-0: Foul Ball, location: 2F
0-1: Foul Ball, location: 3F
0-2: SINGLE (Groundball, 6, EV 83.1 MPH)
Gary Walls to third
Batting: SHB Joe Campbell 0-0: Ball
1-0: Called Strike
1-1: Foul Ball, location: 2F
1-2: Fly out, F8 (Line Drive, 8LD, EV 103.8 MPH)
Runner from 3rd tags up, OUT at HOME! 8-2
Max Lowe to second
Batting: SHB Dave Smith 0-0: Ball
1-0: Swinging Strike
1-1: Foul Ball, location: 7LDF
1-2: Foul Ball, location: 2F
1-2: Ball
2-2: Foul Ball, location: 2F
2-2: Ball
3-2: Base on Balls
Pitching: RHP José Domínguez
Batting: RHB José Trejo 0-0: Ball
1-0: Ball
2-0: Foul Ball, location: 2F
2-1: Ball
3-1: Foul Ball, location: 9LSF
3-2: Strikes out swinging
Bottom of the 7th over - 0 runs, 2 hits, 0 errors, 2 left on base; Bradenton 1 - Dunedin 2
TOP OF THE 8TH
Bradenton Marauders batting - Pitching for Dunedin Blue Jays : LHP Mario Chávez
Now at 1B: Jeremy Lawrence
Now in LF: Ed Howell
Now in RF: César Salas
Pinch Hitting: RHB José Robles 0-0: Ball
1-0: Called Strike
1-1: Ball
2-1: Ball
3-1: Fly out, F9 (Flyball, 89S, EV 80.0 MPH)
Batting: RHB Reginald Gilleland 0-0: Called Strike
0-1: Foul Ball, location: 2F
0-2: Ball
1-2: Foul Ball, location: 2F
1-2: Ball
2-2: Ground out 4-3 (Groundball, 4, EV 88.8 MPH)
Batting: RHB Juan Chávez 0-0: SINGLE (Line Drive, 9LD, EV 103.1 MPH)
Batting: RHB Chris Young 0-0: Called Strike
0-1: Foul Ball, location: 3FF
0-2: Fly out, F7 (Flyball, 7LSF, EV 88.1 MPH)
Top of the 8th over - 0 runs, 1 hit, 0 errors, 1 left on base; Bradenton 1 - Dunedin 2
BOTTOM OF THE 8TH
Dunedin Blue Jays batting - Pitching for Bradenton Marauders : RHP José Domínguez
Now in RF: José Robles
Batting: LHB Luis Hernández 0-0: Called Strike
0-1: Called Strike
0-2: Ball
1-2: Strikes out swinging
Batting: RHB António Trevino 0-0: Called Strike
0-1: Ball
1-1: Ball
2-1: Swinging Strike
2-2: Foul Ball, location: 2F
2-2: Ground out 5-3 (Groundball, 56, EV 99.4 MPH)
Batting: LHB Ed Howell 0-0: Ball
1-0: Foul Ball, location: 2F
1-1: Swinging Strike
1-2: Ball
2-2: Strikes out swinging
Bottom of the 8th over - 0 runs, 0 hits, 0 errors, 0 left on base; Bradenton 1 - Dunedin 2
TOP OF THE 9TH
Bradenton Marauders batting - Pitching for Dunedin Blue Jays : LHP Mario Chávez
Pitching: RHP Jorge Galló
Batting: SHB Jesús Martínez 0-0: Ball
1-0: Ball
2-0: Called Strike
2-1: Swinging Strike
2-2: Ball
3-2: Foul Ball, location: 3FF
3-2: Foul Ball, location: 5F
3-2: Base on Balls
Pinch Hitting: LHB Rich Herbert 0-0: Ball
1-0: Called Strike
1-1: Foul Ball, location: 3DF
1-2: Ball
2-2: Grounds into double play, 6-4-3 (Groundball, 56S, EV 80.0 MPH)
Pinch Hitting: SHB Don Hardin 0-0: Called Strike
0-1: Called Strike
0-2: Ball
1-2: Ball
2-2: Ball
3-2: SINGLE (Groundball, 3D, EV 95.0 MPH)
Pinch Hitting: SHB Mike Jordan 0-0: Ball
1-0: Ball
2-0: Ball
3-0: Foul Ball, location: 2F
3-1: Base on Balls
Don Hardin to second
Pinch Hitting: LHB Eddie Baird 0-0: Called Strike
0-1: Foul Ball, location: 5F
0-2: Strikes out swinging
Top of the 9th over - 0 runs, 1 hit, 0 errors, 2 left on base; Bradenton 1 - Dunedin 2
Monday, April 1st , 2024 - OOTP Baseball 24.10 Build 82